 Dungeon Crawl Stone Soup version 0.28.0 (webtiles) character file.

Game seed: 16124914539716290781

3637 horus123 the Destroyer (level 9, -3/45 HPs)
             Began as a Deep Elf Conjurer on Feb 13, 2022.
             Was a Believer of Makhleb.
             Slain by a vault guard (14 damage)
             ... in a bailey.
             The game lasted 00:19:25 (7265 turns).

horus123 the Destroyer (Deep Elf Conjurer)          Turns: 7265, Time: 00:19:26

Health: -3/45      AC: 11    Str:  4    XL:     9   Next: 87%
Magic:  3/23       EV: 13    Int: 28    God:    Makhleb [**....]
Gold:   316        SH:  0    Dex: 19    Spells: 6/25 levels left

rFire   . . .      SeeInvis .   m - +3 short sword (flame)
rCold   . . .      Faith    +   (no shield)
rNeg    . . .      Spirit   .   a - +2 robe
rPois   .          Reflect  .   r - +0 helmet
rElec   .          Harm     .   (no cloak)
rCorr   .          Rampage  .   A - +1 pair of gloves
Will    .....                   (no boots)
Stlth   ++........              o - amulet of faith
HPRegen 0.15/turn               c - +4 ring of protection
MPRegen 0.18/turn               n - +6 ring of dexterity

@: very slightly contaminated
A: no striking features
a: Renounce Religion, Minor Destruction


You were in a bailey.
You worshipped Makhleb.
Makhleb was pleased with you.
You visited 1 branch of the dungeon, and saw 7 of its levels.
You also visited: Bailey.

You collected 316 gold pieces.

Inventory:

Hand Weapons
 b - a +0 long sword
 m - a +3 short sword of flaming (weapon)
Armour
 a - a +2 robe (worn)
 r - a +0 helmet (worn)
 A - a +1 pair of gloves (worn)
Magical Staves
 t - a staff of cold
 w - a staff of fire
Jewellery
 c - a +4 ring of protection (left hand)
 n - a +6 ring of dexterity (right hand)
 o - an amulet of faith (around neck)
 u - an amulet of reflection
Wands
 p - a wand of polymorph (6)
 s - a wand of acid (15)
Scrolls
 h - 2 scrolls of torment
 v - 2 scrolls of amnesia
 y - a scroll of brand weapon
 B - a scroll of fear {unknown}
Potions
 d - a potion of curing
 e - a potion of lignification
 f - 2 potions of flight
 g - a potion of cancellation
 i - a potion of brilliance {unknown}
 j - 2 potions of resistance
 l - a potion of mutation {unknown}
 q - 2 potions of attraction {unknown}
 x - a potion of degeneration {unknown}
 z - a potion of might {unknown}


   Skills:
 - Level 2.4 Dodging
 - Level 2.4 Stealth
 - Level 8.6 Spellcasting
 - Level 10.1 Conjurations
 - Level 7.5 Hexes
 - Level 6.0 Necromancy
 + Level 6.1 Invocations


You had 6 spell levels left.
You knew the following spells:

 Your Spells              Type           Power      Damage    Failure   Level
a - Magic Dart            Conj           100%       1d8       1%          1
b - Searing Ray           Conj           100%       2d8       1%          2
c - Vampiric Draining     Necr           46%        2d9       1%          3
d - Fulminant Prism       Conj/Hex       28%        3d14      1%          4
e - Freezing Cloud        Conj/Ice/Air   15%        6-21      32%         5
f - Anguish               Hex/Necr       25%        N/A       2%          4

Your spell library contained the following spells:

 Spells                   Type           Power      Damage    Failure   Level
 Animate Skeleton         Necr           92%        N/A       1%          1
 Pain                     Necr           100%       1d9       1%          1
 Shock                    Conj/Air       100%       1d9       1%          1
 Dazzling Flash           Conj/Hex       100%       N/A       1%          3
 Tukima's Dance           Hex            52%        N/A       1%          3
 Mephitic Cloud           Conj/Pois/Air  31%        N/A       3%          3
 Iskenderun's Mystic Bla  Conj/Tloc      40%        2d9       6%          4
 Ignite Poison            Fire/Tmut/Pois 12%        N/A       14%         3
 Swiftness                Air            12%        N/A       14%         3
 Airstrike                Air            6%         N/A       43%         4
 Enfeeble                 Hex            26%        N/A       87%         7


Dungeon Overview and Level Annotations

Branches:
Dungeon (7/15)             Temple (0/1) D:4          Bailey (1/1)

Altars:
Makhleb
Qazlal
Vehumet
Wu Jian
Xom

Shops:
D:1 !   D:3 *

Annotations:
D:6 1 runed translucent door


Message History

Multicoloured lights dance before your eyes.
You feel yourself slow down. The vault guard barely misses you.
Casting: Anguish (dangerous; 2% risk of failure)
Confirm with . or Enter, or press ? or * to list all spells.
Okay, then.
You feel much better.
The vault guard hits you but does no damage.
The vault guard hits you with a +0 broad axe.
Okay, then.
Casting: Anguish (dangerous; 2% risk of failure)
Confirm with . or Enter, or press ? or * to list all spells.
Aiming: Vampiric Draining (safe; 1% risk of failure)
Press: ? - help, Shift-Dir - straight line, f/p - vault guard
Aim: a vault guard, wielding a +0 broad axe and wearing a +0 chain mail (severely wounded)
You draw life force from the vault guard!
You feel life coursing into your body.
The vault guard hits you but does no damage.
Casting: Vampiric Draining (safe; 1% risk of failure)
Confirm with . or Enter, or press ? or * to list all spells.
You don't have enough magic to cast this spell.
Unknown command.
Unknown command.
Aiming: Minor Destruction (1% risk of failure)
Press: ? - help, Shift-Dir - straight line, f/p - vault guard
Aim: a vault guard, wielding a +0 broad axe and wearing a +0 chain mail (severely wounded)
The glob of acid hits the vault guard!
The acid corrodes the vault guard!
The vault guard is almost dead.
The vault guard hits you with a +0 broad axe!!
The vault guard hits you with a +0 broad axe!
* * * LOW HITPOINT WARNING * * *
Okay, then.
You feel yourself speed up. The vault guard completely misses you.
Hit: m) +3 short sword (flame)
Press: ? - help, Dir - move target, f/p - vault guard
Aim: a vault guard, wielding a +0 broad axe and wearing a +0 chain mail (almost dead, covered in acid, about 37% to evade your +3 short sword of flaming)
You barely miss the vault guard.
The vault guard is almost dead.
The vault guard hits you with a +0 broad axe!
You die...

#≈≈≈.≈.≈≈≈≈#
≈≈†.≈.≈≈≈≈###
#≈≈.≈.≈≈≈≈#.##
#≈≈..≈≈≈≈##..##
#≈≈.≈≈≈ #....##
##≈≈.≈# ##.....#
#≈≈..≈####......#
#≈≈p†≈#..'......#
###@###..####'###
#.....#...##≈≈≈##
#.....#...#≈≈≈≈≈#
#..####).)#≈≈≈≈≈#
#....#..[)#≈≈≈≈≈#
##......#†#+#≈≈##
##....##)).####
######.)...#
#.∩.∩.#


You could see a vault guard (corroded).

Vanquished Creatures
  The ghost of Bediveer the Skirmisher, a novice DjTm (D:6)
  Prince Ribbit (Bailey)
  4 humans (Bailey)
  Menkaure (D:6)
  Edmund (D:6)
  A water moccasin (D:6)
  A necrophage (D:6)
  A black bear (D:4)
  A sky beast (D:6)
  A phantom (D:5)
  16 bullfrogs
  3 scorpions
  A water moccasin skeleton (D:5)
  2 bullfrog zombies (D:5)
  2 gnoll shamans (D:5)
  2 orc priests (D:3)
  2 hounds
  An iguana (D:6)
  2 orc wizards (D:5)
  A killer bee zombie (D:5)
  Robin (D:4)
  11 gnolls
  4 adders
  A white imp (D:6)
  3 worms
  4 dart slugs
  11 orcs
  4 bats
  4 endoplasms
  3 giant cockroaches
  4 hobgoblins
  6 kobolds
  3 quokkas
  9 ball pythons
  A frilled lizard (D:1)
  18 goblins
  7 rats
139 creatures vanquished.

Vanquished Creatures (others)
  7 fulminant prisms
7 creatures vanquished.

Grand Total: 146 creatures vanquished

Notes
Turn   | Place    | Note
-------+----------+-------------------------------------------
     0 | D:1      | horus123 the Deep Elf Conjurer began the quest for the Orb.
     0 | D:1      | Reached XP level 1. HP: 10/10 MP: 6/6
   377 | D:1      | Reached XP level 2. HP: 15/15 MP: 7/9
   409 | D:1      | Learned a level 2 spell: Searing Ray
   491 | D:1      | Found Kydda's Distillery.
  1073 | D:2      | Reached XP level 3. HP: 19/19 MP: 2/11
  1152 | D:2      | Reached skill level 5 in Spellcasting
  1156 | D:2      | Learned a level 3 spell: Vampiric Draining
  1355 | D:2      | Found a faded altar of an unknown god.
  1414 | D:2      | Reached skill level 1 in Necromancy
  1729 | D:3      | Reached XP level 4. HP: 24/24 MP: 8/13
  1834 | D:3      | Found Xongil's General Store.
  1985 | D:3      | Reached XP level 5. HP: 28/28 MP: 9/14
  2422 | D:4      | Learned a level 4 spell: Fulminant Prism
  2458 | D:4      | Found a burning altar of Makhleb.
  2469 | D:4      | Reached skill level 5 in Necromancy
  2473 | D:4      | Noticed a black bear
  2484 | D:4      | Killed a black bear
  2485 | D:4      | Reached XP level 6. HP: 27/32 MP: 0/15
  2591 | D:4      | Became a worshipper of Makhleb the Destroyer
  2647 | D:4      | Learned a level 5 spell: Freezing Cloud
  2791 | D:4      | Noticed Robin
  2865 | D:4      | Killed Robin
  3073 | D:4      | Found a staircase to the Ecumenical Temple.
  3213 | D:4      | Found an ornate altar of the Wu Jian Council.
  3305 | D:4      | Reached skill level 5 in Conjurations
  3401 | D:5      | Entered Level 5 of the Dungeon
  3401 | D:5      | You fall into a shaft and drop 1 floor!
  3401 | D:6      | Found a radiant altar of Vehumet.
  3428 | D:6      | Reached * piety under Makhleb
  3433 | D:6      | Reached skill level 6 in Conjurations
  3529 | D:6      | Reached XP level 7. HP: 24/36 MP: 11/16
  3664 | D:6      | Reached skill level 7 in Conjurations
  3998 | D:6      | Noticed Menkaure
  4006 | D:6      | Killed Menkaure
  4007 | D:6      | Reached skill level 8 in Conjurations
  4105 | D:5      | Found a shimmering altar of Xom.
  4405 | D:5      | Reached XP level 8. HP: 41/41 MP: 8/17
  4616 | D:5      | Reached skill level 9 in Conjurations
  4938 | D:5      | Found a stormy altar of Qazlal.
  5333 | D:5      | Reached skill level 10 in Conjurations
  5769 | D:6      | Found a runed translucent door.
  5804 | D:6      | Found a runed translucent door.
  5895 | D:6      | Noticed Bediveer's ghost (novice DjTm)
  5911 | D:6      | Killed Bediveer's ghost
  5911 | D:6      | Reached ** piety under Makhleb
  6035 | D:6      | Learned a level 4 spell: Anguish
  6079 | D:6      | Reached XP level 9. HP: 42/45 MP: 15/23
  6183 | D:6      | Noticed Edmund
  6191 | D:6      | Killed Edmund
  6648 | D:7      | Found a flagged portal.
  6679 | Bailey   | Entered a bailey
  6703 | Bailey   | Reached skill level 5 in Hexes
  6887 | Bailey   | Reached skill level 1 in Invocations
  7154 | Bailey   | Reached skill level 5 in Invocations
  7239 | Bailey   | Noticed Prince Ribbit
  7244 | Bailey   | Noticed a vault guard
  7248 | Bailey   | Killed Prince Ribbit
  7255 | Bailey   | HP: 1/45 [vault guard (20)]
  7265 | Bailey   | Slain by a vault guard

Illustrated notes

Levels and vault maps discovered:
D:1:      onia_arrival_pentagram, layout_loops_ring, serial_shops,
          nicolae_shop_window_shopping
D:2:      layout_rooms, basic_ecumenical_altar, minmay_pentomino_u4
D:3:      cheibrodos_helix_gallery, layout_loops_ring, serial_shops,
          nicolae_shop_waterfront
D:4:      layout_cave_pools, mainiacjoe_overflow_cross_hatched,
          kennysheep_mini_moat, temple_hall, uniq_robin
D:5:      layout_gridville, grunt_qazlal_clouds, mainiacjoe_overflow_catwalk,
          minmay_misc_feat_columns
D:6:      layout_basic, nicolae_vehumet_altar_sigil, ebering_ghost_sewer_f,
          chequers_serial_rivers_small_a, uniq_edmund, uniq_menkaure
D:7:      layout_loops_corners, mainiacjoe_overflow_alcove_4, enter_bailey_2
Bailey:   bailey_axe_froggy_fort_hellmonk, bailey

Skill      XL: |  1  2  3  4  5  6  7  8  9 |
---------------+----------------------------+-----
Spellcasting   | 4 5 8 |  8.6
Necromancy     | 2 4 6 |  6.0
Conjurations   | 6 8 10 | 10.1
Hexes          | 2 7 |  7.5
Invocations    | 6 |  6.1
Dodging        | |  2.4
Stealth        | |  2.4

Action                   |  1- 3 |  4- 6 |  7- 9 || total
-------------------------+-------+-------+-------++-------
Melee: Short sword       |       |       |     3 ||     3
 Cast: Magic Dart        |    69 |    86 |   111 ||   266
       Searing Ray       |     2 |     6 |    35 ||    43
       Fulminant Prism   |       |       |     7 ||     7
       Vampiric Draining |       |       |     1 ||     1
Invok: Minor Destruction |       |       |     7 ||     7
Evoke: Wand              |       |       |     2 ||     2
  Use: Scroll            |     5 |     3 |     7 ||    15
       Potion            |       |       |     6 ||     6
Armor: Robe              |       |    11 |    36 ||    47
Dodge: Dodged            |     1 |    13 |    66 ||    80
